 Dungeon Crawl Stone Soup version 0.29-a0-333-gb4c28e87c6 (webtiles) character file.

Game seed: 7326432093319165872

768 Jortsu the Chopper (level 7, -1/55 HPs)
             Began as a Demonspawn Fighter on Apr 13, 2022.
             Was a Priest of Dithmenos.
             Slain by an orc warrior
             ... wielding a +2 vorpal long sword
              (3 damage)
             ... on level 5 of the Dungeon.
             The game lasted 00:05:01 (3326 turns).

Jortsu the Chopper (Demonspawn Fighter)             Turns: 3326, Time: 00:05:01

Health: -1/55      AC: 10    Str: 19    XL:     7   Next: 52%
Magic:  7/7        EV:  9    Int:  9    God:    Dithmenos [***...]
Gold:   261        SH: 10    Dex: 12    Spells: 6/6 levels left

rFire   . . .      SeeInvis +   a - +0 war axe (flame)
rCold   . . .      Faith    .   c - +0 buckler
rNeg    . . .      Spirit   .   b - +0 scale mail
rPois   .          Reflect  +   (helmet restricted)
rElec   .          Harm     .   (no cloak)
rCorr   .          Rampage  .   (no gloves)
Will    +....                   p - +0 pair of boots
Stlth   ..........              n - amulet of reflection
HPRegen 0.18/turn               e - ring of willpower
MPRegen 0.20/turn               f - ring of see invisible

@: wreathed by umbra
A: antennae 2, slimy green scales 1, spiny 1, magic regeneration
a: Renounce Religion, Shadow Step


You were on level 5 of the Dungeon.
You worshipped Dithmenos.
Dithmenos was most pleased with you.
You visited 1 branch of the dungeon, and saw 5 of its levels.

You collected 261 gold pieces.

Inventory:

Hand Weapons
 a - a +0 war axe of flaming (weapon)
Armour
 b - a +0 scale mail (worn)
 c - a +0 buckler (worn)
 p - a +0 pair of boots (worn)
Jewellery
 e - a ring of willpower (left hand)
 f - a ring of see invisible (right hand)
 i - a ring of wizardry
 n - an amulet of reflection (around neck)
 q - a ring of fire
Wands
 s - a wand of iceblast (11)
Scrolls
 k - a scroll of teleportation
 o - a scroll of magic mapping
 r - a scroll of blinking
Potions
 d - 5 potions of might
 g - 2 potions of curing
 h - 2 potions of heal wounds
 j - a potion of haste {unknown}
 l - a potion of mutation {unknown}
 m - 2 potions of lignification


   Skills:
 + Level 4.3 Fighting
 + Level 5.2 Axes
 + Level 4.0 Armour
 + Level 1.1 Dodging
 + Level 1.2 Stealth
 + Level 4.3 Shields


You had 6 spell levels left.
You didn't know any spells.
Your spell library contained the following spells:

 Spells                   Type           Power      Damage    Failure   Level
 Freeze                   Ice            0%         1d3       83%         1
 Metabolic Englaciation   Hex/Ice        0%         N/A       100%        5
 Dispersal                Tloc           0%         N/A       100%        6
 Disjunction              Tloc           0%         N/A       100%        8
 Summon Horrible Things   Summ           0%         N/A       100%        8


Dungeon Overview and Level Annotations

Branches:
Dungeon (5/15)             Temple (0/1) D:4

Altars:
Dithmenos
Nemelex Xobeh

Shops:
D:4 ([


Innate Abilities, Weirdness & Mutations

You have a pair of antennae on your head.
You are partially covered in slimy green scales. (AC +2)
You are partially covered in sharp spines.
You regenerate magic rapidly.


Message History

Items here: )) [ †.
Things that are here:
a +0 rapier; a +0 leather armour; an orc corpse The orc wizard mumbles some strange words.
The orc wizard flickers and vanishes for a moment.
You barely miss the orc. You block the orc's attack.
You completely miss the orc. You barely miss the orc. You closely miss the orc.
You block the orc's attack. x2
The orc is struck by your spines. The orc closely misses you.
You hit the orc. You burn the orc.
You kill the orc!
Dithmenos accepts your kill.
You hit the orc but do no damage. The orc hits you but does no damage.
The orc hits you with a +0 club. You block the orc's attack.
You hit the orc warrior but do no damage.
You closely miss the orc. You block the orc's attack.
You block the orc warrior's attack.
You hit the orc warrior but do no damage.
You barely miss the orc. You block the orc's attack.
The orc warrior hits you with a +2 vorpal long sword!
You closely miss the orc warrior. You slash the orc! You burn the orc.
You kill the orc!
Dithmenos accepts your kill.
The orc warrior hits you with a +2 vorpal long sword.
You hit the orc warrior. You burn the orc warrior.
The orc warrior is lightly wounded.
You hit the orc warrior. You burn the orc warrior.
The orc warrior is lightly wounded.
You hit the orc warrior but do no damage.
The orc warrior hits you with a +2 vorpal long sword!
* * * LOW HITPOINT WARNING * * *
You block the orc warrior's attack.
You barely miss the orc warrior.
The orc warrior is lightly wounded.
You hit the orc warrior. You burn the orc warrior.
The orc warrior barely misses you.
The orc warrior is struck by your spines.
The orc warrior hits you with a +2 vorpal long sword!
* * * LOW HITPOINT WARNING * * *
You die...

#<###
##..##o.o....#
#.# ##.##.......#
..# ###
#.##.8...8.# ###
##.###.##o......#
#.....)###{oooo##
##.#####


#8ooo8# #.# ##{oo## #.# ##o## #.########@o# #..........## ########.#.# #.#...
#.###... #.# .#.# #.# # # #.# #.. You could see 2 orc warriors, 3 orc wizards
and 4 orcs.

Vanquished Creatures
  Sigmund (D:3)
  An ogre (D:5)
  A phantom (D:5)
  2 scorpions
  3 hounds
  An iguana (D:4)
  An orc wizard (D:5)
  3 gnolls (D:2)
  5 adders
  A white imp (D:4)
  3 worms
  3 dart slugs
  10 orcs
  2 ball pythons
  13 endoplasms
  10 giant cockroaches
  10 goblins
  7 hobgoblins
  3 jackals (D:2)
  5 bats
  4 frilled lizards
  4 kobolds
  5 rats
98 creatures vanquished.

Notes
Turn   | Place    | Note
-------+----------+-------------------------------------------
     0 | D:1      | Jortsu the Demonspawn Fighter began the quest for the Orb.
     0 | D:1      | Reached XP level 1. HP: 18/18 MP: 1/1
    94 | D:1      | Found a faded altar of an unknown god.
   108 | D:1      | Prayed at the altar of an unknown god.
   108 | D:1      | Became a worshipper of Dithmenos the Shadowed
   108 | D:1      | Reached * piety under Dithmenos
   139 | D:1      | Gained mutation: You are partially covered in sharp spines.
                  | [demonic ancestry]
   139 | D:1      | Reached XP level 2. HP: 24/24 MP: 2/2
   407 | D:1      | Reached skill level 2 in Axes
   619 | D:1      | Got the Collected Works on the Snowflakes and the Escort
   842 | D:2      | Gained mutation: You have a pair of small antennae on your
                  | head. [demonic ancestry]
   842 | D:2      | Reached XP level 3. HP: 25/29 MP: 3/3
  1053 | D:2      | Reached ** piety under Dithmenos
  1562 | D:2      | Gained mutation: You have a pair of antennae on your head.
                  | [demonic ancestry]
  1562 | D:2      | Reached XP level 4. HP: 26/35 MP: 4/4
  1564 | D:2      | Reached skill level 3 in Axes
  1737 | D:3      | Noticed Sigmund
  1753 | D:3      | Killed Sigmund
  1754 | D:3      | Reached skill level 4 in Axes
  1754 | D:3      | Gained mutation: You regenerate magic rapidly. [demonic
                  | ancestry]
  1754 | D:3      | Reached XP level 5. HP: 19/42 MP: 5/5
  1938 | D:3      | Reached XP level 6. HP: 45/48 MP: 6/6
  2314 | D:4      | Found Cooddock's Weapon Emporium.
  2470 | D:4      | Reached *** piety under Dithmenos
  2738 | D:4      | Found a staircase to the Ecumenical Temple.
  2790 | D:4      | Found Iliuniaf's Armour Emporium.
  2796 | D:4      | Reached skill level 1 in Stealth
  3013 | D:5      | Entered Level 5 of the Dungeon
  3014 | D:5      | Found a sparkling altar of Nemelex Xobeh.
  3043 | D:5      | Gained mutation: You are partially covered in slimy green
                  | scales. (AC +2) [demonic ancestry]
  3043 | D:5      | Reached XP level 7. HP: 40/54 MP: 7/7
  3048 | D:5      | Reached skill level 1 in Dodging
  3172 | D:5      | Reached skill level 5 in Axes
  3289 | D:5      | Found a runed translucent door.
  3326 | D:5      | HP: 2/55 [orc warrior/+2 vorpal long sword (12)]
  3326 | D:5      | Slain by an orc warrior

Illustrated notes

Levels and vault maps discovered:
D:1:      dpeg_arrival_radiant, layout_loops_cross,
          ebering_ecumenical_altar_box, minmay_tromino_v2
D:2:      minmay_roachtagon, layout_rooms, nrook_uturn,
          chequers_serial_rivers_large_b
D:3:      layout_rooms, moated_statue, uniq_sigmund
D:4:      layout_basic, minmay_temple_entry_glassed_door, serial_shops, shop,
          nicolae_shop_bloodbath_and_beyond
D:5:      layout_loops_corners, mainiacjoe_overflow_catwalk,
          lightli_church_of_beogh

Skill      XL: |  1  2  3  4  5  6  7 |
---------------+----------------------+-----
Axes           | 2 4 5 |  5.2
Armour         | 3 4 |  4.0
Shields        | 3 4 |  4.3
Fighting       | 4 |  4.3
Stealth        | 1 |  1.2
Dodging        | 1 |  1.1

Action                   |  1- 3 |  4- 6 |  7- 9 || total
-------------------------+-------+-------+-------++-------
Melee: War axe           |    74 |   111 |    36 ||   221
  Use: Scroll            |     2 |     8 |       ||    10
Armor: Scale mail        |    26 |    19 |    11 ||    56
Dodge: Dodged            |    38 |    29 |     9 ||    76
Block: Buckler           |    22 |    62 |    16 ||   100
       Reflection        |       |     3 |       ||     3

Table legend: (Time is in decaauts)
 A = Elapsed time spent in this place.
 B = Non-inter-level travel time spent in this place.
 C = Inter-level travel time spent in this place.
 D = Time resting spent in this place.
 E = Time spent auto-exploring this place.
 F = Levels seen in this place.
 G = Mean time per level.
                   A        B        C        D        E       F      G
               +--------+--------+--------+--------+--------+-----+--------+
         Total |   3430 |   3333 |     97 |    151 |   2411 |   5 |  686.0 |
       Dungeon |   3430 |   3333 |     97 |    151 |   2411 |   5 |  686.0 |
               +--------+--------+--------+--------+--------+-----+--------+

Top non-repeatable levels by time:
     D:2: 936 daAuts
     D:1: 842 daAuts
     D:4: 732 daAuts
     D:3: 591 daAuts
     D:5: 326 daAuts
